 Dungeon Crawl Stone Soup version 0.21.1-1-g345015f (webtiles) character file.

21 Mgcat the Chopper (level 2, -2/26 HPs)
             Began as a Minotaur Berserker on Feb 13, 2018.
             Was a Follower of Trog.
             Slain by a kobold
             ... wielding a +2 short sword of draining
              (4 damage)
             ... on level 1 of the Dungeon.
             The game lasted 00:00:56 (413 turns).

Mgcat the Chopper (Minotaur Berserker)               Turns: 413, Time: 00:00:57

Health: -2/26      AC:  2    Str: 21    XL:     2   Next: 62%
Magic:  1/1        EV: 11    Int:  4    God:    Trog [*.....]
Gold:   22         SH:  0    Dex:  9    Spells: 1/1 levels left

rFire    . . .     SeeInvis .   a - +0 hand axe
rCold    . . .     Gourm    .   (no shield)
rNeg     . . .     Faith    .   b - +0 animal skin
rPois    .         Spirit   .   (helmet restricted)
rElec    .         Reflect  .   (no cloak)
rCorr    .         Harm     .   (no gloves)
MR       .....                  (no boots)
Stlth    +.........             (no amulet)
HPRegen  0.08/turn              (no ring)
MPRegen  0.07/turn              (no ring)

@: heavily drained
A: retaliatory headbutt, horns 2
a: Berserk, Burn Spellbooks, Renounce Religion


You were on level 1 of the Dungeon.
You worshipped Trog.
Trog was aware of your devotion.
You were not hungry.

You visited 1 branch of the dungeon, and saw 1 of its levels.

You collected 22 gold pieces.

Inventory:

Hand Weapons
 a - a +0 hand axe (weapon)
Missiles
 j - 2 throwing nets {=f, !d}
Armour
 b - a +0 animal skin (worn)
 d - a +0 pair of gloves
   (You found it on level 1 of the Dungeon)
Scrolls
 e - a scroll of identify {unknown}
 g - a scroll of magic mapping {unknown}
 h - a scroll of fear {unknown}
 i - a scroll of noise {unknown}
Potions
 f - a potion of resistance {unknown}
Comestibles
 c - a ration
 k - a chunk of flesh {@w0}


   Skills:
 - Level 3.6(1.8) Fighting
 + Level 4.8(3.0) Axes
 - Level 2.4(0.7) Armour
 - Level 2.1(0.4) Dodging


You had one spell level left.
You didn't know any spells.

Dungeon Overview and Level Annotations

Branches:
Dungeon (1/15)

Altars:


Innate Abilities, Weirdness & Mutations

You reflexively headbutt those who attack you in melee.
You have a pair of horns on your head.


Message History

You kill the kobold!
Trog accepts your kill.
Things that are here:
a whip; 5 stones All of the chunks of flesh in your inventory have rotted away.
f - a sedimented purple potion
j - 2 throwing nets {=f, !d}
Things that are here:
a whip; 5 stones A goblin comes into view.
It is wielding a dagger.
The goblin shouts!
You barely miss the goblin. The goblin closely misses you.
You miss the goblin.
You kill the goblin!
Trog accepts your kill.
No target in view!
No target in view!
You see here a dagger.
A giant cockroach comes into view.
You closely miss the giant cockroach. The giant cockroach closely misses you.
You hit the giant cockroach.
Your headbutt misses the giant cockroach.
The giant cockroach is almost dead.
The giant cockroach bites you. x2
You barely miss the giant cockroach.
The giant cockroach is almost dead.
The giant cockroach barely misses you.
You hit the giant cockroach but do no damage.
You headbutt the giant cockroach, but do no damage.
The giant cockroach is almost dead.
The giant cockroach bites you but does no damage.
You completely miss the giant cockroach.
The giant cockroach is almost dead.
The giant cockroach waves its antennae.
The giant cockroach closely misses you.
You barely miss the giant cockroach.
Your headbutt misses the giant cockroach.
The giant cockroach is almost dead.
The giant cockroach bites you but does no damage.
The giant cockroach closely misses you.
You barely miss the giant cockroach.
You kill the giant cockroach!
Trog accepts your kill.
No target in view!
No target in view!
You butcher the giant cockroach corpse.
k - a chunk of flesh {@w0} A bat comes into view.
A bat is nearby!
The bat barely misses you. You furiously retaliate!
You headbutt the bat.
You kill the bat!
Trog accepts your kill.
A bat comes into view.
You see here a bat corpse.
The bat barely misses you.
A kobold comes into view.
It is wielding a short sword of draining.
The kobold shouts!
The bat hits you but does no damage.
You miss the bat. Your headbutt misses the bat. The bat completely misses you.
You furiously retaliate!
You headbutt the bat!
You kill the bat!
Trog accepts your kill.
You barely miss the kobold. You headbutt the kobold.
The kobold is moderately wounded.
The kobold hits you but does no damage.
You feel drained.
You closely miss the kobold.
The kobold is moderately wounded.
The kobold hits you with a short sword of draining.
You feel drained.
You barely miss the kobold.
The kobold is moderately wounded.
The kobold hits you with a short sword of draining.
You feel drained.
You are too injured to fight recklessly!
You are too injured to fight recklessly!
You are too injured to fight recklessly!
You are too injured to fight recklessly!
You closely miss the kobold.
The kobold is moderately wounded.
The kobold misses you.
The kobold hits you with a short sword of draining.
You feel drained.
You closely miss the kobold.
The kobold hits you with a short sword of draining.
You feel drained.
You hit the kobold. Your headbutt misses the kobold.
The kobold is moderately wounded.
The kobold hits you with a short sword of draining.
* * * LOW HITPOINT WARNING * * *
You feel drained.
* * * LOW HITPOINT WARNING * * *
You hit the kobold but do no damage. Your headbutt misses the kobold.
The kobold is moderately wounded.
The kobold hits you with a short sword of draining.
* * * LOW HITPOINT WARNING * * *
You feel drained.
* * * LOW HITPOINT WARNING * * *
You hit the kobold but do no damage.
The kobold hits you with a short sword of draining.
You die...

...# ...# .........# ...#
.........# ...######.........#
..................#
..................#
..................#
.)÷######.......K.# ..(#
.......@.# ##.#
.........############
##.##########....†..†........#
.........#..##############.###
..........#.#................#
.#.#.......##.###########.#.##
.#.#.#......#.# #.#.#
.#.#.##.....#.# #.#.#
⌠#.#⌠.......#.# #.#.#


You could see a kobold.

Vanquished Creatures
  An ooze (D:1)
  A dart slug (D:1)
  A giant cockroach (D:1)
  2 goblins (D:1)
  A hobgoblin (D:1)
  2 bats (D:1)
  A frilled lizard (D:1)
  4 kobolds (D:1)
  A rat (D:1)
14 creatures vanquished.

Notes
Turn   | Place    | Note
-------+----------+-------------------------------------------
     0 | D:1      | Mgcat the Minotaur Berserker began the quest for the Orb.
     0 | D:1      | Reached XP level 1. HP: 19/19 MP: 0/0
    37 | D:1      | Reached skill level 4 in Axes
   138 | D:1      | Reached XP level 2. HP: 23/26 MP: 1/1
   411 | D:1      | HP: 6/26 [kobold/short sword of draining (1)]
   412 | D:1      | HP: 2/26 [kobold/short sword of draining (1)]
   413 | D:1      | Slain by a kobold

Skill      XL: |  1 |
---------------+----+-----
Axes           | 4 |  4.8
Fighting       | |  3.6
Armour         | |  2.4
Dodging        | |  2.1

Action                   || total
-------------------------++-------
Melee: Hand axe          ||    32
       Headbutt          ||     6
Armor: Animal skin       ||     4
Dodge: Dodged            ||    14

Vault maps used:
D:1:      matt_arrival_grand_opening

Table legend:
 A = Turns spent in this place as a percentage of turns spent in the entire game.
 B = Non-inter-level travel turns spent in this place as a percentage of non-inter-level travel turns spent in the entire game.
 C = Inter-level travel turns spent in this place as a percentage of turns spent in this place.
 D = Turns resting spent in this place as a percentage of non-inter-level travel turns spent in this place.
 E = Turns spent auto-exploring this place as a percentage of non-inter-level travel turns spent in this place.
 F = Non-inter-level travel turns spent in this place divided by the number of levels of this place that you've seen.
                   A       B       C       D       E      F
               +-------+-------+-------+-------+-------+----------------------
         Total | 100.0 | 100.0 |   0.0 |   0.0 |  79.7 | 413.0
       Dungeon | 100.0 | 100.0 |   0.0 |   0.0 |  79.7 | 413.0
               +-------+-------+-------+-------+-------+----------------------

Table legend:
 A = Kills in this place as a percentage of kills in entire the game.
 B = Kills by you in this place as a percentage of kills by you in the entire game.
 C = Kills by friends in this place as a percentage of kills by friends in the entire game.
 D = Other kills in this place as a percentage of other kills in the entire game.
 E = Experience gained in this place as a percentage of experience gained in the entire game.
 F = Experience gained in this place divided by the number of levels of this place that you have seen.
                   A       B       C       D       E      F
               +-------+-------+-------+-------+-------+----------------------
         Total | 100.0 | 100.0 |   N/A |   N/A | 100.0 |  30.0
       Dungeon | 100.0 | 100.0 |   N/A |   N/A | 100.0 |  30.0
               +-------+-------+-------+-------+-------+----------------------
